 Dungeon Sprint DCSS version 0.31-a0-95-g6fa058ef04 (webtiles) character file.

Game seed: 11211600386374653654

694 sircluck the Blocker (level 7, 0/65 HPs)
             Began as a Formicid Fighter on May 25, 2023.
             Slain by a sun demon (17 damage)
             ... summoned by a kobold demonologist
             ... in the Dungeon (Sprint I: "Red Sonja").
             The game lasted 00:01:31 (556 turns).

sircluck the Blocker (Formicid Fighter)              Turns: 556, Time: 00:01:32

Health: 0/65       AC:  8    Str: 22    XL:     7   Next: 96%
Magic:  7/7        EV: 10    Int:  8    God:
Gold:   363        SH:  6    Dex: 13    Spells: 6/6 levels left

rFire   . . .        a - +0 flail
rCold   . . .        c - +0 buckler
rNeg    . . .        b - +0 scale mail
rPois   .            (helmet unavailable)
rElec   .            (no cloak)
rCorr   .            (no gloves)
SInv    +            (no boots)
Will    .....        (no amulet) Stlth
                     (no ring)
HPRegen 0.30/turn    (no ring)
MPRegen 0.10/turn

%: no passive effects
@: no status effects
A: permanent stasis, dig shafts and tunnels, antennae 3, four strong arms
a: Dig


You were in the Dungeon.
You visited 1 branch You collected 471 gold pieces.
You spent 108 gold pieces at shops.

Inventory:

Hand Weapons
 a - a +0 flail (weapon)
 i - a +0 giant club
Missiles
 l - 6 stones
Armour
 b - a +0 scale mail (worn)
 c - a +0 buckler (worn)
Wands
 d - a wand of mindburst (17)
 m - a wand of flame (12)
Scrolls
 h - a scroll of blinking
Potions
 e - a potion of curing
 f - a potion of heal wounds
 g - 2 potions of magic
 j - a potion of berserk rage {unknown}
 k - a potion of brilliance {unknown}


   Skills:
 + Level 9.8 Fighting
 + Level 7.6 Maces & Flails
 + Level 10.3 Armour
 + Level 1.8 Dodging
 + Level 10.4 Shields


You had 6 spell levels left.
You didn't know any spells.
Your spell library was empty.

Dungeon Overview and Level Annotations

Branches:
Dungeon (1/1)

Altars:
Cheibriados
Dithmenos
Elyvilon
Fedhas
Gozag
Hepliaklqana
Kikubaaqudgha
Makhleb
Nemelex Xobeh
Okawaru
Qazlal
Ru
Sif Muna
Trog
Uskayaw
Vehumet
Wu Jian
Xom
Yredelemnul
Zin
The Shining One
Jiyva
Lugonu

Shops:
D *


Innate Abilities, Weirdness & Mutations

You cannot be hasted, slowed, berserked, paralysed or teleported.
You can dig through walls and to a lower floor.
You have a pair of large antennae on your head. (SInv)
Your four strong arms can wield two-handed weapons with a shield.


Message History

You hit the kobold demonologist but do no damage.
The kobold demonologist is moderately wounded.
The kobold demonologist begins to cast a cantrip, but forgets the words!
You sock the kobold demonologist!
The kobold demonologist is severely wounded.
The kobold demonologist closely misses you.
You hit the kobold demonologist but do no damage.
The kobold demonologist is severely wounded.
A kobold demonologist comes into view. It is wielding a +0 dagger.
The kobold demonologist hits you but does no damage.
You barely miss the kobold demonologist.
The kobold demonologist is severely wounded.
The kobold demonologist misses you.
You completely miss the kobold demonologist.
The kobold demonologist is severely wounded.
You barely miss the kobold demonologist.
The kobold demonologist is severely wounded.
The kobold demonologist looks braver for a moment.
You closely miss the kobold demonologist.
The kobold demonologist is severely wounded.
The sun demon barely misses you.
The kobold demonologist hits you with a +0 dagger.
The sun demon hits you.
You are engulfed in flames!
You sock the kobold demonologist!
The kobold demonologist is almost dead.
The sun demon hits you.
You are engulfed in flames!
The kobold demonologist gestures wildly while chanting.
You barely miss the kobold demonologist.
The kobold demonologist is almost dead.
The sun demon hits you.
You are engulfed in flames!
* * * LOW HITPOINT WARNING * * *
The kobold demonologist hits you with a +0 dagger.
* * * LOW HITPOINT WARNING * * *
Unknown command.
The kobold demonologist miscasts a cantrip.
The white imp hits you but does no damage.
You barely miss the kobold demonologist.
The kobold demonologist is almost dead.
The sun demon hits you!
You die...

#######################
#..'..#..'..#__#53K...#
').#..').#..'..'@K#...#
#####'#####'#__####
..+{ ####..#...#.####
##{ #__####..##.# {
#_____##'#_.+ {
#_.∩...†..._# {
#_..__##_.#'#
#_____###+#.# #######
###


You could see a sun demon (summoned), 2 kobold demonologists and a white imp
(summoned).

Vanquished Creatures
  Sigmund (D)
  A slime creature (D)
  A yak (D)
  A floating eye (D)
  An ogre (D)
  A jelly (D)
  Ijyb (D)
7 creatures vanquished.

Notes
Turn   | Place    | Note
-------+----------+-------------------------------------------
     0 | D        | sircluck the Formicid Fighter began the quest for the Orb.
     0 | D        | Reached XP level 1. HP: 18/18 MP: 1/1
     1 | D        | Noticed Ijyb
    10 | D        | Killed Ijyb
    11 | D        | Reached skill level 5 in Shields
    11 | D        | Reached XP level 2. HP: 13/26 MP: 2/2
    11 | D        | Reached XP level 3. HP: 16/32 MP: 3/3
   101 | D        | Noticed an ogre
   107 | D        | Killed an ogre
   108 | D        | Reached XP level 4. HP: 40/41 MP: 4/4
   108 | D        | Reached XP level 5. HP: 46/47 MP: 5/5
   122 | D        | Noticed Sigmund
   139 | D        | Killed Sigmund
   140 | D        | Reached skill level 1 in Dodging
   140 | D        | Reached XP level 6. HP: 37/56 MP: 6/6
   220 | D        | Found a burning altar of Makhleb.
   220 | D        | Found a viscous altar of Jiyva.
   220 | D        | Found a shimmering altar of Xom.
   220 | D        | Found a corrupted altar of Lugonu.
   220 | D        | Noticed a slime creature
   233 | D        | Killed a slime creature
   234 | D        | Reached XP level 7. HP: 7/64 MP: 7/7
   425 | D        | Found an ornate altar of the Wu Jian Council.
   425 | D        | Found a shimmering blue altar of Sif Muna.
   427 | D        | Found a radiant altar of Vehumet.
   469 | D        | Found Qasheap's Assorted Antiques.
   469 | D        | Found an ancient bone altar of Kikubaaqudgha.
   469 | D        | Found a hazy altar of Hepliaklqana.
   469 | D        | Found a stormy altar of Qazlal.
   469 | D        | Found a hide-covered altar of Uskayaw.
   469 | D        | Found a blossoming altar of Fedhas.
   469 | D        | Found a bloodstained altar of Trog.
   469 | D        | Found an iron altar of Okawaru.
   469 | D        | Found a basalt altar of Yredelemnul.
   469 | D        | Found a glowing golden altar of the Shining One.
   469 | D        | Found a snail-covered altar of Cheibriados.
   469 | D        | Found a sacrificial altar of Ru.
   469 | D        | Found a glowing silver altar of Zin.
   469 | D        | Found a shadowy altar of Dithmenos.
   469 | D        | Found a white marble altar of Elyvilon.
   469 | D        | Noticed a yak
   479 | D        | Killed a yak
   480 | D        | Reached skill level 10 in Armour
   480 | D        | Reached skill level 10 in Shields
   480 | D        | Found an opulent altar of Gozag.
   481 | D        | Found a sparkling altar of Nemelex Xobeh.
   489 | D        | Bought an iron wand for 108 gold pieces
   542 | D        | Noticed a kobold demonologist
   545 | D        | Noticed a sun demon
   548 | D        | Noticed a kobold demonologist
   556 | D        | Slain by a sun demon

Illustrated notes

Levels and vault maps discovered:
D:        dungeon_sprint_1 [red_sonja_temple_1, red_sonja_temple_small_1]

Skill      XL: |  1  2  3  4  5  6  7 |
---------------+----------------------+-----
Fighting       | 4 6 8 9 |  9.8
Armour         | 4 6 8 9 10 | 10.3
Shields        | 5 7 9 10 | 10.4
Maces & Flails | 3 4 6 7 |  7.6
Dodging        | 1 |  1.8

Action                     |  1- 3 |  4- 6 |  7- 9 || total
---------------------------+-------+-------+-------++-------
  Melee: Flail             |    12 |    28 |    23 ||    63
Ability: Dig               |     1 |       |       ||     1
  Evoke: Wand              |       |       |     2 ||     2
    Use: Potion            |     1 |       |       ||     1
 Armour: Scale mail        |     3 |     7 |     3 ||    13
  Dodge: Dodged            |     5 |     6 |     9 ||    20
  Block: Buckler           |       |     2 |     3 ||     5

Table legend: (Time is in decaauts)
 A = Elapsed time spent in this place.
 B = Non-inter-level travel time spent in this place.
 C = Inter-level travel time spent in this place.
 D = Time resting spent in this place.
 E = Time spent auto-exploring this place.
 F = Levels seen in this place.
 G = Mean time per level.
                   A        B        C        D        E       F      G
               +--------+--------+--------+--------+--------+-----+--------+
         Total |    568 |    568 |      0 |    333 |      0 |   1 |  568.0 |
       Dungeon |    568 |    568 |      0 |    333 |      0 |   1 |  568.0 |
               +--------+--------+--------+--------+--------+-----+--------+

Top non-repeatable levels by time:
       D: 568 daAuts
